 Dungeon Crawl Stone Soup version 0.20.0-14-g326068f (webtiles) character file.

7897 Chiseanne the Fighter (level 11, 74/94 HPs)
             Began as a Demonspawn Wanderer on June 8, 2017.
             Was a High Priest of Okawaru.
             Quit the game on level 11 of the Dungeon.
             The game lasted 00:23:04 (10197 turns).

Chiseanne the Fighter (Demonspawn Wanderer)        Turns: 10197, Time: 00:23:05

Health: 74/94      AC: 24    Str: 18    XL:     11   Next: 2%
Magic:  16/16      EV: 11    Int: 14    God:    Okawaru [*****.]
Gold:   412        SH: 13    Dex: 14    Spells: 10/10 levels left

rFire    . . .     SeeInvis .   a - +10 whip of Peace {flame, rElec rC- Str+4}
rCold    x . .     Gourm    .   K - +3 buckler {AC+3}
rNeg     + . .     Faith    .   C - +1 chain mail {rPois}
rPois    +         Spirit   .   L - +2 hat {MR+}
rElec    +         Reflect  +   (no cloak)
rCorr    .         Harm     .   k - +2 pair of gloves
MR       +....                  x - +1 pair of boots
Stlth    ..........             t - +5 amulet of reflection
Regen    0.3/turn               b - ring of positive energy
MPRegen  0.2/turn               (no ring)

@: no status effects
A: antennae 1, rugged brown scales 2, rot immunity
a: Heroism, Finesse, Renounce Religion


You were on level 11 of the Dungeon.
You worshipped Okawaru.
Okawaru was extremely pleased with you.
You were very hungry.

You visited 1 branch of the dungeon, and saw 11 of its levels.

You collected 478 gold pieces.
You spent 66 gold pieces at shops.

Inventory:

Hand Weapons
 a - the +10 whip of Peace (weapon) {flame, rElec rC- Str+4}
   (You found it on level 6 of the Dungeon)

   It has been specially enchanted to burn those struck by it, causing extra
   injury to most foes and up to half again as much damage against particularly
   susceptible opponents.
   It affects your strength (+4).
   It makes you vulnerable to cold.
   It insulates you from electricity.
 d - a +0 flail of protection
 l - a +2 short sword of venom
 s - a +6 morningstar of freezing
Missiles
 e - 82 bolts
 i - 365 stones (quivered)
 q - 4 javelins
 E - 2 javelins of penetration
 F - 4 tomahawks
 I - 24 poisoned needles
 J - 38 sling bullets
Armour
 k - a +2 pair of gloves (worn)
 x - a +1 pair of boots (worn)
 C - a +1 chain mail of poison resistance (worn)
 K - a +3 buckler of protection (worn)
 L - a +2 hat of magic resistance (worn)
Jewellery
 b - a ring of positive energy (left hand)
 m - an uncursed amulet of regeneration
 t - a +5 amulet of reflection (around neck)
 S - an uncursed amulet of magic regeneration {unknown}
Wands
 H - a wand of iceblast (0/15)
 O - a wand of digging (11/24)
Scrolls
 c - 2 scrolls of blinking
 g - a scroll of amnesia
 n - 7 scrolls of remove curse
 p - 2 scrolls of teleportation
 v - a scroll of fog
 A - 2 scrolls of magic mapping
 D - 2 scrolls of recharging
Potions
 h - 2 potions of curing
 j - a potion of resistance {unknown}
 o - 2 potions of brilliance
 u - a potion of agility {unknown}
 z - a potion of invisibility
 B - a potion of magic
 N - 2 potions of haste
 Q - a potion of heal wounds
 R - a potion of degeneration {unknown}
Books
 y - a book of Battle

   Spells                             Type                      Level
   a - Infusion                       Charms                       1
   b - Shroud of Golubria             Charms/Translocation         2
   c - Song of Slaying                Charms                       2
   d - Spectral Weapon                Hexes/Charms                 3
   e - Regeneration                   Charms/Necromancy            3
 M - a book of Frost

   Spells                             Type                      Level
   a - Freeze                         Ice                          1
   b - Throw Frost                    Conjuration/Ice              2
   c - Ozocubu's Armour               Charms/Ice                   3
   d - Throw Icicle                   Conjuration/Ice              4
   e - Summon Ice Beast               Ice/Summoning                4
Comestibles
 f - 6 bread rations
 r - 3 royal jellies
 w - 9 fruits
 P - 2 meat rations


   Skills:
 * Level 9.7 Fighting
   Level 1.7 Staves
 * Level 8.6 Armour
 - Level 6.9 Dodging
 - Level 1.7 Stealth
 * Level 4.7 Shields
 * Level 7.4 Invocations
 - Level 1.0 Evocations


You had 10 spell levels left.
You didn't know any spells.

Dungeon Overview and Level Annotations

Branches:
Dungeon (11/15)            Temple (0/1) D:5
   Lair: D:8-11         Orc: D:9-12

Altars:
Makhleb
Okawaru
Trog
Xom

Shops:
D:7 *

Annotations:
D:3 exclusion: upstairs
D:5 boben's ghost, amateur DsAK


Innate Abilities, Weirdness & Mutations

You have a pair of small antennae on your head.
You are mostly covered in rugged brown scales. (AC +2, +5% HP)
You are immune to rotting.


Message History

The cyclops is moderately wounded.
You barely miss the cyclops.
The cyclops is moderately wounded.
The cyclops hits you!!
You whack the cyclops! You burn the cyclops.
The cyclops is severely wounded.
The cyclops hits you but does no damage.
You hit the cyclops. You burn the cyclops.
The cyclops is severely wounded.
You hit the cyclops. You burn the cyclops.
The cyclops is almost dead.
You block the cyclops's attack.
You whack the cyclops! You burn the cyclops.
You kill the cyclops!
Okawaru is honoured by your kill.
You have reached level 11!
Your demonic ancestry asserts itself...
A pair of antennae grows on your head!
You are feeling very hungry.
Are you sure you want to abandon this character and quit the game? (Confirm with "yes".)

#..## #....
#...
#######..#
####.....#..##
.........#...#
.......<.#...#
.........(@(.#
.........#####
##+##+#...
#.... #....#
#....# #....#
#....#


There were no monsters in sight!

Vanquished Creatures
  A two-headed ogre (D:8)
  The ghost of endorz the Cleaver, a novice HOFi (D:6)
  A cyclops (D:11)
  A centaur zombie (D:8)
  A troll (D:9)
  2 hippogriffs
  A wyvern (D:10)
  Edmund (D:5)
  A water moccasin (D:10)
  Duvessa (D:5)
  2 ice beasts
  A phantom (D:9)
  2 orc warriors
  3 necrophages
  7 ogres
  3 centaurs
  2 big kobolds (D:10)
  5 bullfrogs
  Dowan (D:5)
  4 scorpions
  18 killer bees
  9 wights
  A howler monkey (D:9)
  4 crimson imps
  3 jellies
  A bullfrog zombie (D:7)
  6 hounds
  A quasit (D:9)
  A centaur skeleton (D:9)
  6 orc priests
  11 orc wizards
  2 bullfrog skeletons
  2 iguanas
  Terence (D:2)
  5 worker ants
  A howler monkey zombie (D:5)
  A worker ant zombie (D:10)
  10 adders
  6 shadow imps
  2 oozes
  2 adder skeletons (D:9)
  4 worms
  A dart slug (D:1)
  8 leopard geckos
  18 orcs
  3 ball pythons
  6 giant cockroaches
  8 goblins (D:1)
  7 hobgoblins
  23 jackals
  3 quokkas
  6 bats
  4 frilled lizards
  17 kobolds
  A quokka zombie (D:9)
  16 rats
259 creatures vanquished.

Vanquished Creatures (others)
  A howler monkey (D:5)
1 creature vanquished.

Grand Total: 260 creatures vanquished

Notes
Turn   | Place    | Note
-------+----------+-------------------------------------------
     0 | D:1      | Chiseanne the Demonspawn Wanderer began the quest for the Orb.
     0 | D:1      | Chiseanne set off with: a +2 leather armour, a +0 quarterstaff, a potion of lignification, a +0 dagger, a bread ration
     0 | D:1      | Reached XP level 1. HP: 18/18 MP: 1/1
   161 | D:1      | Reached skill level 1 in Armour
   161 | D:1      | Gained mutation: You are partially covered in rugged brown scales. (AC +1, +3% HP) [demonic ancestry]
   161 | D:1      | Reached XP level 2. HP: 15/24 MP: 2/2
   826 | D:1      | Reached XP level 3. HP: 23/29 MP: 3/3
  1228 | D:2      | Noticed Terence
  1247 | D:2      | Killed Terence
  1374 | D:2      | Reached XP level 4. HP: 37/37 MP: 4/4
  2010 | D:2      | Reached skill level 4 in Fighting
  2342 | D:2      | Reached XP level 5. HP: 39/43 MP: 5/5
  2770 | D:4      | Noticed an ogre
  2809 | D:4      | Killed an ogre
  3386 | D:4      | Gained mutation: You are mostly covered in rugged brown scales. (AC +2, +5% HP) [demonic ancestry]
  3386 | D:4      | Reached XP level 6. HP: 43/51 MP: 6/6
  4206 | D:5      | Entered Level 5 of the Dungeon
  4219 | D:5      | Reached skill level 5 in Fighting
  4282 | D:5      | Gained mutation: You are immune to rotting. [demonic ancestry]
  4282 | D:5      | Reached XP level 7. HP: 57/58 MP: 7/7
  4298 | D:5      | Found an iron altar of Okawaru.
  4648 | D:5      | Noticed Edmund
  4650 | D:5      | Noticed boben's ghost (amateur DsAK)
  4686 | D:5      | Became a worshipper of Warmaster Okawaru
  4701 | D:5      | Killed Edmund
  5015 | D:5      | Noticed Dowan
  5016 | D:5      | Noticed Duvessa
  5035 | D:5      | Killed Duvessa
  5035 | D:5      | Reached skill level 5 in Dodging
  5035 | D:5      | Reached XP level 8. HP: 51/67 MP: 8/8
  5149 | D:5      | Killed Dowan
  5149 | D:5      | Reached skill level 6 in Fighting
  5149 | D:5      | Reached skill level 5 in Armour
  5206 | D:5      | Found a staircase to the Ecumenical Temple.
  5293 | D:5      | Found a burning altar of Makhleb.
  5295 | D:5      | Found a shimmering altar of Xom.
  5437 | D:6      | Got a bloodstained whip
  5476 | D:6      | Identified the +10 whip of Peace {flame, rElec rC- Str+4} (You found it on level 6 of the Dungeon)
  5517 | D:6      | Noticed endorz's ghost (novice HOFi)
  5530 | D:6      | Killed endorz's ghost
  5530 | D:6      | Reached * piety under Okawaru
  5533 | D:6      | Reached skill level 7 in Fighting
  6044 | D:7      | Reached ** piety under Okawaru
  6044 | D:7      | Reached XP level 9. HP: 71/75 MP: 9/9
  6153 | D:7      | Found Jicw's Assorted Antiques.
  6157 | D:7      | Bought a scroll of identify for 66 gold pieces
  6179 | D:7      | Noticed a moth of wrath
  6182 | D:7      | Found a bloodstained altar of Trog.
  6775 | D:8      | Reached skill level 1 in Invocations
  6866 | D:7      | Identified a scroll of acquirement
  6894 | D:8      | Reached skill level 8 in Fighting
  7159 | D:8      | Reached skill level 1 in Shields
  7520 | D:8      | Noticed a two-headed ogre
  7529 | D:8      | Killed a two-headed ogre
  7529 | D:8      | Reached *** piety under Okawaru
  7529 | D:8      | Reached XP level 10. HP: 82/86 MP: 10/13
  7634 | D:8      | Reached skill level 5 in Invocations
  7675 | D:9      | Reached **** piety under Okawaru
  7872 | D:9      | Reached skill level 9 in Fighting
  8422 | D:10     | Entered Level 10 of the Dungeon
  8947 | D:10     | Reached ***** piety under Okawaru
  9205 | D:10     | Received a gift from Okawaru
 10046 | D:11     | Noticed a cyclops
 10065 | D:11     | Killed a cyclops
 10065 | D:11     | Gained mutation: You have a pair of small antennae on your head. [demonic ancestry]
 10065 | D:11     | Reached XP level 11. HP: 41/94 MP: 16/16
 10197 | D:11     | Quit the game

Skill      XL: |  1  2  3  4  5  6  7  8  9 10 |
---------------+-------------------------------+-----
Dodging        | 2 3 4 5 6 |  6.9
Armour         | 1 2 3 4 6 7 8 |  8.6
Fighting       | 4 5 7 8 9 |  9.7
Invocations    | 4 7 |  7.4
Shields        | 2 4 |  4.7
Staves         | |  1.7
Stealth        | |  1.7
Evocations     | |  1.0

Action                   |  1- 3 |  4- 6 |  7- 9 | 10-12 || total
-------------------------+-------+-------+-------+-------++-------
Melee: Quarterstaff      |   128 |   152 |   156 |       ||   436
       Whip              |       |       |   179 |   360 ||   539
       Unarmed           |       |       |     6 |       ||     6
       Morningstar       |       |       |     5 |       ||     5
       Short sword       |       |       |       |    14 ||    14
Throw: Stone             |       |       |     1 |       ||     1
Invok: Heroism           |       |       |     1 |       ||     1
Evoke: Wand              |       |       |     3 |       ||     3
  Use: Scroll            |     6 |     8 |     4 |    11 ||    29
       Potion            |       |     1 |       |       ||     1
  Eat: Chunk             |     2 |     8 |    12 |     8 ||    30
Armor: Leather armour    |    20 |       |       |       ||    20
       Scale mail        |    50 |    91 |    79 |       ||   220
       Skin              |       |     1 |       |       ||     1
       Chain mail        |       |       |   106 |   340 ||   446
Dodge: Dodged            |    89 |    88 |   191 |   373 ||   741
Block: Buckler           |       |       |    11 |   225 ||   236
